 Dungeon Crawl Stone Soup version 0.28-a0-895-g6e5f11bd55 (webtiles) character file.

Game seed: 12068251278192558463

11 lawman0 the Magician (level 2, 21/21 HPs)
             Began as a Djinni Hedge Wizard on Nov 23, 2021.
             Was an Initiate of Ru.
             Quit the game on level 1 of the Dungeon.
             The game lasted 00:00:39 (683 turns).

lawman0 the Magician (Djinni Hedge Wizard)           Turns: 683, Time: 00:00:40

Health: 21/21      AC:  2    Str:  9    XL:     2   Next: 35%
Gold:   40         EV: 12    Int: 15    God:    Ru [......] SH:  0 Dex: 12

rFire   + + .      SeeInvis .   a - +0 dagger
rCold   x . .      Faith    .   (no shield)
rNeg    . . .      Spirit   .   b - +0 robe
rPois   ∞          Reflect  .   c - +0 hat
rElec   .          Harm     .   (no cloak)
rCorr   .          Rampage  .   (no gloves)
Will    .....                   (boots unavailable)
Stlth   ++........              (no amulet)
HPRegen 0.07/turn               (no ring)
MPRegen 0.00/turn               (no ring)

@: flying
A: sickness immunity, fire resistance 2, cold vulnerability 1, float, innate
caster, hp casting, extra vitality 1
a: Renounce Religion


You were on level 1 of the Dungeon.
You worshipped Ru.
Ru was noncommittal.
You visited 1 branch of the dungeon, and saw 1 of its levels.

You collected 40 gold pieces.

Inventory:

Hand Weapons
 a - a +0 dagger (weapon)
Missiles
 e - 11 poisoned darts
Armour
 b - a +0 robe (worn)
 c - a +0 hat (worn)
Potions
 d - a potion of curing {unknown}


   Skills:
 + Level 2.2 Dodging
 + Level 1.5 Stealth
 * Level 2.9 Spellcasting


You couldn't memorise any spells.
You knew the following spells:

 Your Spells              Type           Power      Damage    Failure   Level
a - Magic Dart            Conj           44%        1d5       6%          1
b - Blink                 Tloc           22%        N/A       9%          2
c - Call Imp              Summ           11%        N/A       9%          2
d - Slow                  Hex            44%        N/A       6%          1
e - Conjure Flame         Conj/Fire      11%        6-21      19%         3
f - Mephitic Cloud        Conj/Pois/Air  11%        N/A       19%         3
Your spell library was empty.

Dungeon Overview and Level Annotations

Branches:
Dungeon (1/15)

Altars:
Ru


Innate Abilities, Weirdness & Mutations

You are immune to sickness and miasma.
You are immune to poison.
Your flesh is very heat resistant. (rF++)
You are vulnerable to cold. (rC-)
You float through the air rather than walking.
You learn spells naturally, not from books.
Your magical power is your life essence.
You have superior vitality. (+4 HP)


Message History

Aiming: Magic Dart (safe; 6% risk of failure)
Press: ? - help, Q - select action, (/) - cycle Shift-Dir - straight line, f - hobgoblin
Aim: a hobgoblin (100% to hit)
The magic dart hits the hobgoblin.
The hobgoblin is moderately wounded.
Aiming: Magic Dart (safe; 6% risk of failure)
Press: ? - help, Q - select action, (/) - cycle Shift-Dir - straight line, f/p - hobgoblin
Aim: a hobgoblin (moderately wounded, 100% to hit)
You miscast Magic Dart.
Nothing appears to happen.
Unknown command.
Unknown command.
Unknown command.
Aiming: Magic Dart (safe; 6% risk of failure)
Press: ? - help, Q - select action, (/) - cycle Shift-Dir - straight line, f/p - hobgoblin
Aim: a hobgoblin (moderately wounded, 100% to hit)
The magic dart hits the hobgoblin.
You kill the hobgoblin!
Aiming: Magic Dart (safe; 6% risk of failure)
Press: ? - help, Q - select action, (/) - cycle Shift-Dir - straight line, f - you That beam is likely to hit you.
Continue anyway? [Y]es or [N]o only, please.
That beam is likely to hit you.
Continue anyway?
Okay, then.
Aiming: Magic Dart (safe; 6% risk of failure)
Press: ? - help, Q - select action, (/) - cycle Shift-Dir - straight line, f - you That beam is likely to hit you.
Continue anyway?
Okay, then.
Unknown command.
Your magical contamination has completely faded away.
Things that are here:
a +0 whip; 4 stones; a kobold corpse You now have 40 gold pieces (gained 16).
Found a dagger.
Found a faded altar of an unknown god.
Unknown command.
There is a faded altar of an unknown god here.
You cannot tell which god this altar belongs to.
Convert to them anyway?
Ru accepts your prayer! Ru welcomes you!
Are you sure you want to abandon this character and quit the game? (Confirm with "yes".)

............# #.......
.............# #)......
≈≈.....≈.≈.≈.####......
≈....≈≈≈...≈...........
.≈≈≈≈≈≈≈≈≈≈≈.####......
.≈≈≈≈≈≈≈≈≈..# #......
.≈≈≈≈≈≈≈≈≈≈.# #......
≈≈♣.≈≈≈≈≈≈# #......
♣@.≈≈≈≈.# #######
♣♣.≈≈≈≈.# ≈≈≈≈≈≈≈≈#
≈≈≈≈≈≈≈..# ≈≈≈≈≈≈≈≈≈≈.#
≈....≈≈..≈.#
≈≈..≈≈.≈≈≈.#
....#########


There were no monsters in sight!

Vanquished Creatures
  3 endoplasms (D:1)
  A goblin (D:1)
  A hobgoblin (D:1)
  A ball python (D:1)
  A bat (D:1)
  2 frilled lizards (D:1)
  2 kobolds (D:1)
11 creatures vanquished.

Notes
Turn   | Place    | Note
-------+----------+-------------------------------------------
     0 | D:1      | lawman0 the Djinni Hedge Wizard began the quest for the
                  | Orb.
     0 | D:1      | Reached XP level 1. HP: 15/15 MP: 0/0
   206 | D:1      | Reached XP level 2. HP: 15/21 MP: 0/0
   674 | D:1      | Found a faded altar of an unknown god.
   682 | D:1      | Prayed at the altar of an unknown god.
   682 | D:1      | Became a worshipper of Ru the Awakened
   683 | D:1      | Quit the game

Illustrated notes

Levels and vault maps discovered:
D:1:      dpeg_arrival_tiny_a, layout_basic, chequers_ecumenical_altar_island

Action                   || total
-------------------------++-------
 Cast: Magic Dart        ||    19

Table legend: (Time is in decaauts)
 A = Elapsed time spent in this place.
 B = Non-inter-level travel time spent in this place.
 C = Inter-level travel time spent in this place.
 D = Time resting spent in this place.
 E = Time spent auto-exploring this place.
 F = Levels seen in this place.
 G = Mean time per level.
                   A        B        C        D        E       F      G
               +--------+--------+--------+--------+--------+-----+--------+
         Total |    683 |    683 |      0 |     45 |    579 |   1 |  683.0 |
       Dungeon |    683 |    683 |      0 |     45 |    579 |   1 |  683.0 |
               +--------+--------+--------+--------+--------+-----+--------+

Top non-repeatable levels by time:
     D:1: 683 daAuts
